 Dungeon Crawl Stone Soup version 0.28.0-53-g5a82cb258f (webtiles) character file.

Game seed: 14642631962726596762

585 MiltankisOP the Shield-Bearer (level 7, 0/52 HPs)
             Began as a Formicid Fighter on June 14, 2022.
             Slain by a killer bee (6 damage)
             ... on level 4 of the Dungeon.
             The game lasted 00:06:18 (5359 turns).

MiltankisOP the Shield-Bearer (Formicid Fighter)    Turns: 5359, Time: 00:06:20

Health: 0/52       AC:  9    Str: 23    XL:     7   Next: 64%
Magic:  0/7        EV:  9    Int:  7    God:
Gold:   167        SH:  5    Dex: 10    Spells: 6/6 levels left

rFire   . . .      SeeInvis +   a - +0 quarterstaff
rCold   . . .      Faith    .   c - +0 buckler
rNeg    . . .      Spirit   +   b - +0 scale mail
rPois   .          Reflect  .   (helmet unavailable)
rElec   .          Harm     .   (no cloak)
rCorr   .          Rampage  .   (no gloves)
Will    .....                   r - +0 pair of boots
Stlth   ..........              t - amulet of guardian spirit
HPRegen 0.17/turn               (no ring)
MPRegen 0.10/turn               (no ring)

@: mighty, lethally poisoned (0 -> -6)
A: permanent stasis, dig shafts and tunnels, antennae 3, four strong arms
a: Dig, Shaft Self


You were on level 4 of the Dungeon.
You visited 1 branch of the dungeon, and saw 5 of its levels.
You also visited: Ossuary.

You collected 167 gold pieces.

Inventory:

Hand Weapons
 a - a +0 quarterstaff (weapon)
Armour
 b - a +0 scale mail (worn)
 c - a +0 buckler (worn)
 r - a +0 pair of boots (worn)
Jewellery
 t - an amulet of guardian spirit (around neck)
Scrolls
 e - 2 scrolls of amnesia {unknown}
 g - a scroll of fog {unknown}
 h - a scroll of summoning {unknown}
 l - 6 scrolls of identify {unknown}
 n - a scroll of immolation {unknown}
 o - a scroll of noise {unknown}
 v - a scroll of teleportation {unknown}
 x - a scroll of magic mapping {unknown}
Potions
 d - a potion of might
 f - 3 potions of lignification {unknown}
 i - 2 potions of heal wounds {unknown}
 j - a potion of invisibility {unknown}
 k - 2 potions of brilliance {unknown}
 m - a potion of ambrosia {unknown}
 p - 4 potions of curing {unknown}
 q - a potion of flight {unknown}
 s - a potion of cancellation {unknown}
 u - 2 potions of attraction {unknown}
 w - 2 potions of haste {unknown}


   Skills:
 - Level 3.2 Fighting
 - Level 2.0 Staves
 + Level 6.8 Armour
 + Level 7.4 Shields


You had 6 spell levels left.
You didn't know any spells.
Your spell library contained the following spells:

 Spells                   Type           Power      Damage    Failure   Level
 Beastly Appendage        Tmut           0%         N/A       77%         1
 Confusing Touch          Hex            0%         N/A       98%         3
 Yara's Violent Unravell  Hex/Tmut       0%         3d3       100%        5
 Enfeeble                 Hex            0%         N/A       100%        7


Dungeon Overview and Level Annotations

Branches:
Dungeon (5/15)            Ossuary (visited)
 Temple: D:4-7

Altars:


Innate Abilities, Weirdness & Mutations

You cannot be hasted, slowed, berserked, paralysed or teleported.
You can dig through walls and to a lower floor.
You have a pair of large antennae on your head. (SInv)
Your four strong arms can wield two-handed weapons with a shield.


Message History

The killer bee stings you but does no damage.
The killer bee closely misses you.
You see here a +0 robe.
The killer bee closely misses you. x2
The killer bee stings you but does no damage.
The killer bee stings you but does no damage.
You block the killer bee's attack. The killer bee stings you.
The killer bee stings you but does no damage.
You block the killer bee's attack.
The killer bee stings you but does no damage.
The killer bee stings you but does no damage. x2
The killer bee stings you!
There is a stone staircase leading up, spattered with blood here.
The killer bee barely misses you.
The killer bee stings you but does no damage.
The killer bee stings you.
The killer bee stings you but does no damage. x2
The killer bee barely misses you.
You climb upwards.
There is a stone staircase leading down here.
The killer bee barely misses you. x3
The killer bee stings you but does no damage.
The killer bee stings you.
The killer bee stings you but does no damage. x2
You see here a +0 halberd.
The killer bee closely misses you.
The killer bee stings you but does no damage.
The killer bee stings you but does no damage.
The killer bee stings you.
* * * LOW HITPOINT WARNING * * *
You are poisoned.
The killer bee poisons you! The killer bee closely misses you.
* * * LOW HITPOINT WARNING * * *
You feel very sick. The killer bee closely misses you.
You feel very mighty all of a sudden.
You feel sick. The killer bee stings you.
* * * LOW HITPOINT WARNING * * *
The killer bee misses you. The killer bee stings you!
You die...

..................#....#.........
..................#...##.......##
.>....#####....<.>#...##.......##
......# #.......#...#........##
......# #....)).#...#........##
......# #.......#...#..........
......# #.......#...##.........
......# #....yyy#...##.........
......# #.....@.#..............
####### #.......#...##.......##
#.......#...##.......##
#.......#..............
#.......#..............
#.......#...##.........
#.......######.........
#.......#...#..........
#.......'...##.......##


You could see 3 killer bees.

Vanquished Creatures
  Sigmund (D:2)
  2 hounds
  3 iguanas
  A bullfrog skeleton (D:4)
  An orc wizard (D:3)
  A mummy (Ossuary)
  2 adders
  8 gnolls
  A white imp (D:5)
  An adder skeleton (D:4)
  A dart slug (D:3)
  2 orcs (D:3)
  2 spectral bats (Ossuary)
  5 ball pythons
  5 bats
  6 endoplasms
  3 giant cockroaches
  12 gnoll zombies (Ossuary)
  9 goblins
  4 hobgoblins
  8 kobolds
  A quokka (D:2)
  5 bat simulacra (Ossuary)
  3 frilled lizards
  6 goblin simulacra (Ossuary)
  3 goblin zombies (Ossuary)
  4 hobgoblin zombies (Ossuary)
  4 kobold simulacra (Ossuary)
  6 kobold zombies (Ossuary)
  5 orc zombies (Ossuary)
  5 rats
  5 rat simulacra (Ossuary)
  3 spectral goblins (Ossuary)
  3 spectral kobolds (Ossuary)
  4 spectral rats (Ossuary)
135 creatures vanquished.

Vanquished Creatures (others)
  2 fungi (D:2)
  3 plants (D:5)
5 creatures vanquished.

Grand Total: 140 creatures vanquished

Notes
Turn   | Place    | Note
-------+----------+-------------------------------------------
     0 | D:1      | MiltankisOP the Formicid Fighter began the quest for the
                  | Orb.
     0 | D:1      | Reached XP level 1. HP: 18/18 MP: 1/1
   226 | D:1      | Reached XP level 2. HP: 18/24 MP: 2/2
   227 | D:1      | Reached skill level 4 in Shields
  1073 | D:2      | Noticed Sigmund
  1077 | D:2      | Reached XP level 3. HP: 29/29 MP: 3/3
  1090 | D:2      | Killed Sigmund
  1091 | D:2      | Reached skill level 5 in Armour
  1091 | D:2      | Reached skill level 5 in Shields
  1091 | D:2      | Reached XP level 4. HP: 14/35 MP: 4/4
  1091 | D:2      | Reached XP level 5. HP: 17/41 MP: 5/5
  1399 | D:2      | Reached XP level 6. HP: 46/47 MP: 6/6
  1527 | D:2      | Found a faded altar of an unknown god.
  1588 | D:2      | Got Plato's Almanac of Transformation
  1901 | D:3      | Reached skill level 6 in Shields
  3075 | D:4      | Found a sand-covered staircase.
  3100 | Ossuary  | Entered an ossuary
  3601 | D:4      | Reached XP level 7. HP: 38/52 MP: 5/7
  4314 | D:4      | Reached skill level 7 in Shields
  5160 | D:5      | Entered Level 5 of the Dungeon
  5359 | D:4      | Slain by a killer bee

Illustrated notes

Levels and vault maps discovered:
D:1:      roderic_chinese_lattice_arrival, layout_basic
D:2:      layout_rooms, shapermc_ecumenical_altar_rom_forum, uniq_sigmund
D:3:      layout_basic, serial_rivers, chequers_serial_rivers_micro_e,
          chequers_serial_rivers_small_3, chequers_serial_rivers_small_3,
          chequers_serial_rivers_micro_e, chequers_serial_rivers_micro_e
D:4:      layout_gridville, enter_ossuary_1, minmay_surrounded
D:5:      layout_cave_pools, serial_bayou, serial_bayou_pond_b,
          serial_bayou_pond_a, serial_bayou_pond_c, serial_bayou_ford_a,
          minmay_misc_feat_rugged

Skill      XL: |  1  2  3  4  5  6  7 |
---------------+----------------------+-----
Shields        | 4 5 6 7 |  7.4
Armour         | 5 6 |  6.8
Fighting       | |  3.2
Staves         | |  2.0

Action                   |  1- 3 |  4- 6 |  7- 9 || total
-------------------------+-------+-------+-------++-------
Melee: Quarterstaff      |    89 |   285 |   118 ||   492
  Use: Potion            |       |       |     1 ||     1
Armor: Scale mail        |    76 |   133 |    64 ||   273
Dodge: Dodged            |    61 |   144 |    76 ||   281
Block: Buckler           |    34 |    83 |    39 ||   156
